 Dungeon Crawl Stone Soup version 0.19.1 (webtiles) character file.

644 Darkmans the Covert (level 7, 0/33 HPs)
             Began as a Spriggan Assassin on Dec 21, 2016.
             Slain by a sky beast (6 damage)
             ... on level 5 of the Dungeon.
             The game lasted 00:10:05 (5145 turns).

Darkmans the Covert (Spriggan Assassin)             Turns: 5145, Time: 00:10:06

Health: 0/33       AC:  3    Str:  7    XL:     7   Next: 27%
Magic:  8/8        EV: 17    Int: 12    God:
Gold:   247        SH:  0    Dex: 20    Spells: 0 memorised, 6 levels left

rFire  . . .     SeeInvis +     l - +2 dagger (holy)
rCold  + . .     Gourm    .     c - +0 robe
rNeg   . . .     Faith    .     (shield restricted)
rPois  .         Spirit   .     (helmet restricted)
rElec  .         Reflect  .     v - +0 cloak {+Inv}
rCorr  .         Harm     .     (gloves unavailable)
MR     ++...                    (boots unavailable)
Stlth  +++++.....               (no amulet)
                                A - ring of protection from magic
                                o - ring of protection from cold

@: very quick
A: unfitting armour, see invisible, herbivore 3, speed 3, slow metabolism 2
a: Evoke Invisibility


You were on level 5 of the Dungeon.
You were very hungry.

You visited 1 branch of the dungeon, and saw 5 of its levels.

You collected 247 gold pieces.

Inventory:

Hand Weapons
 b - a +0 blowgun
 l - a +2 dagger of holy wrath (weapon)
Missiles
 e - 2 poisoned needles
 f - 4 curare-tipped needles
Armour
 c - a +0 robe (worn)
 d - a +0 cloak
 v - a +0 cloak of invisibility (worn)
 y - a +0 buckler
Jewellery
 o - a ring of protection from cold (left hand)
 t - an uncursed ring of see invisible
 A - a ring of protection from magic (right hand)
 B - an uncursed ring of fire
Scrolls
 a - a scroll of magic mapping {unknown}
 h - 2 scrolls of fear
 k - 3 scrolls of identify {unknown}
 q - 2 scrolls of amnesia {unknown}
 r - 2 scrolls of remove curse {unknown}
Potions
 i - a potion of cancellation {unknown}
 j - 5 potions of flight {unknown}
 m - 2 potions of lignification {unknown}
 n - a potion of might {unknown}
 p - a potion of mutation {unknown}
 s - a potion of cure mutation {unknown}
 u - a potion of heal wounds {unknown}
 x - 2 potions of berserk rage {unknown}
Books
 w - a book of Maledictions

   Spells                             Type                      Level
   a - Corona                         Hexes                        1
   b - Ensorcelled Hibernation        Hexes/Ice                    2
   c - Confuse                        Hexes                        3
   d - Tukima's Dance                 Hexes                        3
   e - Dazzling Spray                 Conjuration/Hexes            3
Comestibles
 g - 4 bread rations
 z - 2 royal jellies


   Skills:
 - Level 1.5 Fighting
 + Level 6.4 Short Blades
 - Level 2.0 Throwing
 - Level 1.5 Dodging
 + Level 10.5 Stealth


You had 6 spell levels left.
You didn't know any spells.

Dungeon Overview and Level Annotations

Branches:
Dungeon (5/15)
 Temple: D:4-7

Altars:
Elyvilon
Kikubaaqudgha
Okawaru


Innate Abilities, Weirdness & Mutations

You are very small and have problems with some larger weapons.
You are too small for most types of armour.
You have supernaturally acute eyesight. (SInv)
You are a herbivore.
You cover ground extremely quickly.
You need consume almost no food.


Message History

You closely miss the sky beast.
The sky beast is severely wounded.
You closely miss the sky beast.
The sky beast is severely wounded.
The sky beast hits you. The sky beast shocks you.
* * * LOW HITPOINT WARNING * * *
You hit the sky beast.
The sky beast is almost dead.
The sky beast barely misses you.
You barely miss the sky beast.
The sky beast is almost dead.
You barely miss the sky beast.
The sky beast is almost dead.
The sky beast hits you but does no damage.
You hit the sky beast.
The sky beast is almost dead.
The sky beast hits you.
* * * LOW HITPOINT WARNING * * *
The sky beast shocks you.
You die...

#.#
#.#.#[#.#######.#######
#.# #.#.#.#.# #.#
#.###.#.....# ####.#
#...........# #....#
##########.## #.##.#
#.# #.##.# #.# #.##.#
##Y## #.##.#
####.@.####.##†#######
#.........<.##......oo
#.##...####.##.####.Yo
#.###.## #.##.# ##.##
#.# #.# #.##.###..# #.#
#.# #.##......# #.#
#.#####.######..# #.#
#.......# #.... #.#
#######.# #..#.


You could see a sky beast.

Vanquished Creatures
  2 ogres
  A scorpion (D:5)
  A howler monkey (D:5)
  A centaur zombie (D:5)
  A hound (D:4)
  A jelly (D:5)
  Crazy Yiuf (D:4)
  Natasha (D:3)
  2 worker ants
  A hound skeleton (D:4)
  A gnoll (D:3)
  9 adders
  A shadow imp (D:5)
  An ooze (D:5)
  An adder zombie (D:5)
  3 worms
  A dart slug (D:1)
  A leopard gecko (D:2)
  3 orcs
  A giant cockroach (D:3)
  6 goblins
  5 hobgoblins
  3 jackals (D:5)
  6 kobolds
  A quokka (D:5)
  3 ball pythons
  5 bats
  3 frilled lizards
  A leopard gecko skeleton (D:5)
  3 rats
70 creatures vanquished.

Notes
Turn   | Place    | Note
-------+----------+-------------------------------------------
     0 | D:1      | Darkmans the Spriggan Assassin began the quest for the Orb.
     0 | D:1      | Reached XP level 1. HP: 10/10 MP: 2/2
    22 | D:1      | Reached skill level 6 in Stealth
   104 | D:1      | Found an iron altar of Okawaru.
   186 | D:1      | Reached XP level 2. HP: 14/14 MP: 3/3
  1050 | D:2      | Reached XP level 3. HP: 18/18 MP: 4/4
  1113 | D:2      | Reached skill level 7 in Stealth
  1942 | D:3      | Noticed Natasha
  1949 | D:3      | Killed Natasha
  1949 | D:3      | Reached XP level 4. HP: 22/22 MP: 5/5
  2182 | D:3      | HP: 1/22 [gnoll/flail (15)]
  2521 | D:3      | Reached skill level 8 in Stealth
  2820 | D:4      | Reached XP level 5. HP: 25/25 MP: 6/6
  2833 | D:4      | Noticed an orc warrior
  2858 | D:4      | Noticed an ogre
  3283 | D:4      | Noticed an ogre
  3289 | D:4      | Killed an ogre
  3289 | D:4      | Reached skill level 5 in Short Blades
  3289 | D:4      | Reached skill level 9 in Stealth
  3289 | D:4      | Reached XP level 6. HP: 30/30 MP: 7/7
  3331 | D:4      | Found an iron altar of Okawaru.
  3460 | D:4      | Found a runed door.
  3464 | D:4      | Noticed Crazy Yiuf
  3468 | D:4      | Killed Crazy Yiuf
  4022 | D:5      | Entered Level 5 of the Dungeon
  4447 | D:5      | Reached skill level 10 in Stealth
  4447 | D:5      | Reached XP level 7. HP: 33/33 MP: 8/8
  4675 | D:5      | Found a white marble altar of Elyvilon.
  4891 | D:5      | Found an ancient bone altar of Kikubaaqudgha.
  5145 | D:5      | Slain by a sky beast

Skill      XL: |  1  2  3  4  5  6 |
---------------+-------------------+-----
Stealth        | 6 7 8 9 10 | 10.5
Short Blades   | 3 4 5 6 |  6.4
Fighting       | |  1.5
Throwing       | |  2.0
Dodging        | |  1.5

Action                   |  1- 3 |  4- 6 |  7- 9 || total
-------------------------+-------+-------+-------++-------
Melee: Dagger            |    54 |    96 |    67 ||   217
 Fire: Blowgun           |       |     6 |     1 ||     7
  Use: Scroll            |       |     1 |       ||     1
 Stab: Sleeping          |    18 |    18 |     5 ||    41
Armor: Robe              |     5 |     5 |     4 ||    14
Dodge: Dodged            |    23 |    55 |    42 ||   120
